 Dungeon Crawl Stone Soup version 0.28-a0-657-g71136c5590 (webtiles) character file.

Game seed: 10918139658737319764

13684 lawman0 the Covert (level 12, 0/93 (97) HPs)
             Began as a Gnoll Delver on Oct 13, 2021.
             Was a High Priest of Fedhas.
             Slain by a manticore (16 damage)
             ... on level 3 of the Lair of Beasts.
             The game lasted 00:36:37 (12472 turns).

lawman0 the Covert (Gnoll Delver)                  Turns: 12472, Time: 00:36:38

HP:   0/93 (97)     AC: 14    Str: 12    XL:     12   Next: 8%
MP:   18/22         EV: 15    Int: 14    God:    Fedhas [*****.]
Gold: 329           SH:  6    Dex: 14    Spells: 20/25 levels left

rFire   + . .      SeeInvis +   a - +3 eveningstar
rCold   . . .      Faith    .   k - +0 buckler
rNeg    . . .      Spirit   .   s - +1 leather armour
rPois   +          Reflect  .   f - +2 helmet
rElec   .          Harm     .   G - +2 cloak {rPois}
rCorr   .          Rampage  .   l - +0 pair of gloves
Will    +....                   q - +0 pair of boots
Stlth   +++++.....              w - amulet of regeneration
HPRegen 1.25/turn               D - ring of see invisible
MPRegen 0.18/turn               r - ring of willpower

@: very slightly contaminated, lightly drained, invisible
A: fangs 1, strong nose, distributed training, fire resistance 1
a: Renounce Religion, Wall of Briars, Grow Ballistomycete, Overgrow, Grow Oklob


You were on level 3 of the Lair of Beasts.
You worshipped Fedhas.
Fedhas was extremely pleased with you.
You visited 3 branches of the dungeon, and saw 12 of its levels.
You also visited: Ossuary.

You collected 693 gold pieces.
You spent 364 gold pieces at shops.

Inventory:

Hand Weapons
 a - a +3 eveningstar (weapon)
 b - a +0 hunting sling
Missiles
 d - 25 poisoned darts (quivered)
 j - 16 sling bullets
 I - 3 boomerangs
Armour
 f - a +2 helmet (worn)
 k - a +0 buckler (worn)
 l - a +0 pair of gloves (worn)
 q - a +0 pair of boots (worn)
 s - a +1 leather armour (worn)
 G - a +2 cloak of poison resistance (worn)
Jewellery
 r - a ring of willpower (right hand)
 w - an amulet of regeneration (around neck)
 D - a ring of see invisible (left hand)
Wands
 e - a wand of polymorph (1)
 g - a wand of digging (5)
 x - a wand of flame (8)
Scrolls
 c - 2 scrolls of fog
 h - 2 scrolls of enchant armour
 m - a scroll of immolation
 v - 5 scrolls of teleportation
 F - a scroll of amnesia
Potions
 i - a potion of haste
 n - a potion of ambrosia
 o - 6 potions of lignification
 p - a potion of degeneration
 t - 2 potions of flight
 u - 2 potions of might
 z - 4 potions of curing
 A - 2 potions of cancellation
 B - 2 potions of attraction
 C - 2 potions of invisibility
 E - a potion of berserk rage
 H - a potion of magic
Miscellaneous
 y - a condenser vane


   Skills:
 + Level 9.8 Fighting
 + Level 7.2 Short Blades
 + Level 7.2 Long Blades
 + Level 7.2 Axes
 + Level 8.6 Maces & Flails
 + Level 7.2 Polearms
 + Level 7.2 Staves
 + Level 7.2 Slings
 + Level 7.2 Bows
 + Level 7.2 Crossbows
 + Level 7.2 Throwing
 + Level 7.2 Armour
 + Level 8.6 Dodging
 + Level 11.9 Stealth
 + Level 7.2 Shields
 + Level 7.2 Unarmed Combat
 + Level 7.2 Spellcasting
 + Level 6.0 Conjurations
 + Level 6.0 Hexes
 + Level 6.0 Summonings
 + Level 6.0 Necromancy
 + Level 6.0 Translocations
 + Level 6.0 Transmutations
 + Level 6.0 Fire Magic
 + Level 6.0 Ice Magic
 + Level 6.0 Air Magic
 + Level 6.0 Earth Magic
 + Level 6.0 Poison Magic
 + Level 7.9 Invocations
 + Level 7.2 Evocations


You had 20 spell levels left.
You knew the following spells:

 Your Spells              Type           Power      Damage    Failure   Level
a - Animate Skeleton      Necr           42%        N/A       1%          1
b - Apportation           Tloc           42%        N/A       1%          1
c - Summon Small Mammal   Summ           84%        N/A       1%          1
d - Blink                 Tloc           N/A        N/A       2%          2

Your spell library contained the following spells:

 Spells                   Type           Power      Damage    Failure   Level
 Corpse Rot               Necr/Air       N/A        N/A       2%          2
 Poisonous Vapours        Pois/Air       42%        N/A       2%          2
 Lesser Beckoning         Tloc           21%        N/A       4%          3
 Portal Projectile        Hex/Tloc       42%        N/A       4%          3
 Alistair's Intoxication  Tmut/Pois      14%        N/A       36%         5
 Blade Hands              Tmut           10%        N/A       36%         5
 Borgnjor's Vile Clutch   Necr/Erth      10%        N/A       36%         5
 Excruciating Wounds      Necr           10%        N/A       36%         5
 Manifold Assault         Tloc           21%        N/A       36%         5
 Eringya's Noxious Bog    Tmut/Pois      10%        N/A       91%         6


Dungeon Overview and Level Annotations

Branches:
Dungeon (8/15)             Temple (1/1) D:5            Lair (3/6) D:8
 Spider (0/4) Lair:2      Ossuary (visited)
  Swamp: Lair:2-4    Shoals: Lair:2-4

Altars:
Ashenzari
Cheibriados
Dithmenos
Elyvilon
Fedhas
Gozag
Hepliaklqana
Kikubaaqudgha
Makhleb
Nemelex Xobeh
Okawaru
Qazlal
Ru
Sif Muna
Trog
Uskayaw
Vehumet
Wu Jian
Xom
Yredelemnul
Zin
The Shining One

Shops:
D:3 **:

Annotations:
D:4 exclusion: steam dragon
D:6 1 runed translucent door, exclusion: door, Crazy Yiuf
Lair:3 exclusion: manticore, Nergalle


Innate Abilities, Weirdness & Mutations

You have very sharp teeth.
Your uncanny sense of smell can sniff out nearby items.
Your experience applies equally to all skills.
Your flesh is heat resistant. (rF+)


Message History

Orcish apparitions take form around you.
It was a potion of invisibility.
You fade into invisibility!
The spectral orc knight closely misses you.
The manticore flicks its tail.
The volley of spikes hits the spectral orc knight.
Your oklob plant spits acid at Nergalle.
The splash of acid hits the wind drake!!
The wind drake bites your oklob plant but does no damage.
The spectral orc warrior hits you with a +0 scimitar.
* * * LOW HITPOINT WARNING * * *
The spectral orc knight hits you with a +0 dire flail.
* * * LOW HITPOINT WARNING * * *
The spectral orc warrior hits your oklob plant with a +0 glaive!
The spectral orc warrior hits you but does no damage.
The spectral orc knight hits you with a +0 bardiche.
* * * LOW HITPOINT WARNING * * *
You feel drained.
* * * LOW HITPOINT WARNING * * *
The spectral orc closely misses you.
You are very lightly contaminated with residual magic.
Unknown command.
Unknown command.
Unknown command.
Unknown command.
Okay, then.
The wind drake bites your oklob plant.
The spectral orc warrior hits your oklob plant but does no damage.
The spectral orc closely misses you.
The spectral orc knight completely misses you.
You see here 4 boomerangs.
You feel better.
The spectral orc knight closely misses you.
The wind drake exhales a fierce blast of wind!
You are blown backwards!
The monsters around you are blown away!
The spectral orc hits your oklob plant with a +0 hand axe.
The spectral orc warrior hits your oklob plant with a +0 glaive.
The manticore bites you!
You die...
Fedhas appreciates your contribution to the ecosystem.

## ####.### . ##......# ....
###..(....#. .....
###Z..Z.......
......##@(Z.PZ.......
.......ZZHZ..k.......
...P.###Z....S.......
##...##..#o.....$...
.##.......###.#...#..
...####...........#####......
...................# ...#.
.(.................# ...#
..#...............P# ..#


You could see Nergalle, a wind drake (repels missiles), a manticore, 2 spectral
orcs, 4 spectral orc warriors, 2 spectral orc knights, a water moccasin
(wandering) and a friendly oklob plant (summoned).

Vanquished Creatures
  2 hydras (Lair:2)
  A black mamba (Lair:2)
  5 cane toads
  2 rime drakes (Lair:3)
  A troll (D:6)
  6 slime creatures (D:7)
  2 redbacks (Lair:2)
  2 wyverns
  Eustachio (D:6)
  16 yaks
  A fire bat (D:3)
  4 water moccasins
  3 sky beasts
  A hornet zombie (D:8)
  8 wolves
  2 ogres
  An ice beast (D:5)
  2 centaurs
  5 bullfrogs
  6 scorpions
  2 water moccasin zombies (Ossuary)
  A wyvern skeleton (D:6)
  2 water moccasin skeletons (D:4)
  2 howler monkeys
  A bullfrog zombie (D:7)
  2 centaur zombies
  3 bullfrog skeletons
  2 jellies
  3 orc priests
  2 hounds
  3 centaur skeletons
  Jessica (D:3)
  An iguana (D:6)
  8 orc wizards
  A killer bee zombie (D:6)
  A mummy (Ossuary)
  2 gnolls (D:2)
  14 adders
  A shadow imp (D:7)
  A white imp (D:5)
  4 adder zombies (Ossuary)
  2 adder skeletons
  A worm (D:4)
  3 dart slugs
  24 orcs
  4 endoplasms
  2 giant cockroaches
  A gnoll zombie (Ossuary)
  5 goblins
  5 hobgoblins
  4 jackals
  3 quokkas (D:1)
  7 ball pythons
  10 bats
  6 frilled lizards
  A goblin zombie (D:6)
  3 hobgoblin zombies (Ossuary)
  10 kobolds
  3 orc zombies (Ossuary)
  A quokka zombie (D:6)
  A ballistomycete spore (D:8)
224 creatures vanquished.

Vanquished Creatures (collateral kills)
  A wyvern (D:8)
  6 yaks
  A water moccasin (D:8)
  A black bear (Lair:2)
  A centaur (D:5)
  A scorpion (D:8)
  3 water moccasin zombies (Ossuary)
  An orc wizard (D:5)
  An iguana (D:7)
  A mummy (Ossuary)
  A howler monkey zombie (D:8)
  2 gnolls (D:2)
  3 adder zombies (Ossuary)
  5 orcs
  A bat (D:1)
  A gnoll zombie (Ossuary)
  A ball python (D:2)
  2 hobgoblin zombies (Ossuary)
  4 kobold zombies (Ossuary)
  27 ballistomycete spores
64 creatures vanquished.

Vanquished Creatures (others)
  26 fungi
  9 plants
35 creatures vanquished.

Grand Total: 323 creatures vanquished

Notes
Turn   | Place    | Note
-------+----------+-------------------------------------------
     0 | D:5      | Reached skill level 9 in Stealth
     0 | D:5      | lawman0 the Gnoll Delver began the quest for the Orb.
     0 | D:5      | Reached XP level 1. HP: 23/23 MP: 1/1
    28 | D:5      | Noticed a jelly
   105 | D:5      | Noticed a hound
   109 | D:5      | Found a staircase to the Ecumenical Temple.
   118 | D:5      | Killed a hound
   119 | D:5      | Reached XP level 2. HP: 4/29 MP: 2/2
   119 | D:5      | Reached XP level 3. HP: 4/35 MP: 3/3
   167 | Temple   | Entered the Ecumenical Temple
   838 | Temple   | Became a worshipper of Fedhas Madash
   925 | D:5      | Noticed an ogre
  1063 | D:4      | Noticed a steam dragon
  1193 | D:4      | Noticed a sky beast
  1486 | D:4      | Reached skill level 1 in Short Blades
  1486 | D:4      | Reached skill level 1 in Long Blades
  1486 | D:4      | Reached skill level 1 in Axes
  1486 | D:4      | Reached skill level 1 in Polearms
  1486 | D:4      | Reached skill level 1 in Staves
  1486 | D:4      | Reached skill level 1 in Slings
  1486 | D:4      | Reached skill level 1 in Bows
  1486 | D:4      | Reached skill level 1 in Crossbows
  1486 | D:4      | Reached skill level 1 in Throwing
  1486 | D:4      | Reached skill level 1 in Armour
  1486 | D:4      | Reached skill level 1 in Shields
  1486 | D:4      | Reached skill level 1 in Unarmed Combat
  1486 | D:4      | Reached skill level 1 in Spellcasting
  1486 | D:4      | Reached skill level 1 in Invocations
  1486 | D:4      | Reached skill level 1 in Evocations
  1621 | D:4      | Reached XP level 4. HP: 41/41 MP: 5/5
  1696 | D:4      | Found a glowing golden altar of the Shining One.
  1772 | D:4      | Reached skill level 1 in Conjurations
  1772 | D:4      | Reached skill level 1 in Hexes
  1772 | D:4      | Reached skill level 1 in Summonings
  1772 | D:4      | Reached skill level 1 in Necromancy
  1772 | D:4      | Reached skill level 1 in Translocations
  1772 | D:4      | Reached skill level 1 in Transmutations
  1772 | D:4      | Reached skill level 1 in Fire Magic
  1772 | D:4      | Reached skill level 1 in Ice Magic
  1772 | D:4      | Reached skill level 1 in Air Magic
  1772 | D:4      | Reached skill level 1 in Earth Magic
  1772 | D:4      | Reached skill level 1 in Poison Magic
  1792 | D:4      | Reached XP level 5. HP: 25/47 MP: 5/7
  2671 | D:1      | Learned a level 1 spell: Animate Skeleton
  2673 | D:1      | Learned a level 1 spell: Apportation
  2675 | D:1      | Learned a level 1 spell: Summon Small Mammal
  2684 | D:1      | perfect
  2734 | D:1      | Reached * piety under Fedhas
  2798 | D:1      | Learned a level 2 spell: Blink
  2798 | D:1      | woot
  3312 | D:1      | Found a faded altar of an unknown god.
  3697 | D:2      | Reached XP level 6. HP: 15/53 MP: 1/8
  4572 | D:3      | Reached ** piety under Fedhas
  4573 | D:3      | Found Usuthrul's Assorted Antiques.
  4634 | D:3      | Reached skill level 5 in Maces & Flails
  4634 | D:3      | Reached skill level 5 in Dodging
  4641 | D:3      | Bought an embroidered cloak for 142 gold pieces
  4641 | D:3      | Bought a scroll labelled MEWYEDGH RATO for 19 gold pieces
  4657 | D:3      | Found Ninlizou's Assorted Antiques.
  4771 | D:3      | Reached skill level 10 in Stealth
  4771 | D:3      | Reached skill level 5 in Invocations
  4771 | D:3      | Reached XP level 7. HP: 15/53 MP: 9/14
  4772 | D:3      | Gained mutation: You are frail. (-10% HP) [potion of
                  | mutation]
  4772 | D:3      | Gained mutation: You are agile. (Dex +2) [potion of
                  | mutation]
  4772 | D:3      | Found Iddoz's Book Emporium.
  4772 | D:3      | Noticed Jessica
  5031 | D:3      | Killed Jessica
  5160 | D:3      | Noticed a fire bat
  5160 | D:3      | an acid dragon changed into a fire bat
  5724 | D:4      | Reached skill level 5 in Short Blades
  5724 | D:4      | Reached skill level 5 in Long Blades
  5724 | D:4      | Reached skill level 5 in Axes
  5724 | D:4      | Reached skill level 5 in Polearms
  5724 | D:4      | Reached skill level 5 in Staves
  5724 | D:4      | Reached skill level 5 in Slings
  5724 | D:4      | Reached skill level 5 in Bows
  5724 | D:4      | Reached skill level 5 in Crossbows
  5724 | D:4      | Reached skill level 5 in Throwing
  5724 | D:4      | Reached skill level 5 in Armour
  5724 | D:4      | Reached skill level 5 in Shields
  5724 | D:4      | Reached skill level 5 in Unarmed Combat
  5724 | D:4      | Reached skill level 5 in Spellcasting
  5724 | D:4      | Reached skill level 5 in Evocations
  5923 | D:4      | Reached XP level 8. HP: 56/59 MP: 15/15
  6126 | D:3      | Bought a blue potion for 18 gold pieces
  6126 | D:3      | Bought a fuming emerald potion for 18 gold pieces
  6304 | D:5      | lol
  6788 | D:6      | Found a sand-covered staircase.
  6816 | Ossuary  | Entered an ossuary
  6878 | Ossuary  | Reached *** piety under Fedhas
  6964 | Ossuary  | Reached XP level 9. HP: 67/67 MP: 13/16
  6964 | Ossuary  | lol
  7040 | Ossuary  | sick
  7071 | D:6      | Noticed a troll
  7111 | D:6      | Reached skill level 11 in Stealth
  7266 | D:6      | Killed a troll
  7553 | D:6      | Reached **** piety under Fedhas
  7649 | D:6      | Noticed Eustachio
  7669 | D:6      | Killed Eustachio
  7987 | D:6      | Found a runed translucent door.
  7988 | D:6      | Noticed Crazy Yiuf
  8753 | D:7      | Reached XP level 10. HP: 27/73 MP: 14/18
  9373 | D:3      | Reached skill level 5 in Conjurations
  9373 | D:3      | Reached skill level 5 in Hexes
  9373 | D:3      | Reached skill level 5 in Summonings
  9373 | D:3      | Reached skill level 5 in Necromancy
  9373 | D:3      | Reached skill level 5 in Translocations
  9373 | D:3      | Reached skill level 5 in Transmutations
  9373 | D:3      | Reached skill level 5 in Fire Magic
  9373 | D:3      | Reached skill level 5 in Ice Magic
  9373 | D:3      | Reached skill level 5 in Air Magic
  9373 | D:3      | Reached skill level 5 in Earth Magic
  9373 | D:3      | Reached skill level 5 in Poison Magic
  9416 | D:3      | Bought an inky potion for 17 gold pieces
  9416 | D:3      | Bought a scroll of fear for 66 gold pieces
  9430 | D:3      | Bought a scroll of identify for 42 gold pieces
  9430 | D:3      | Bought a scroll of identify for 42 gold pieces
  9606 | D:8      | Found a staircase to the Lair.
  9645 | D:8      | sick
  9740 | D:8      | Reached ***** piety under Fedhas
 10263 | D:8      | Reached XP level 11. HP: 80/80 MP: 18/20
 10586 | Lair:1   | Entered Level 1 of the Lair of Beasts
 10624 | Lair:1   | Lost mutation: You are frail. (-10% HP) [potion of
                  | mutation]
 10624 | Lair:1   | Lost mutation: You are agile. (Dex +2) [potion of mutation]
 10624 | Lair:1   | Gained mutation: Your flesh is heat resistant. (rF+)
                  | [potion of mutation]
 10625 | Lair:1   | sick
 11391 | Lair:2   | Found a hole to the Spider Nest.
 11538 | Lair:2   | Noticed a six-headed hydra
 11581 | Lair:2   | Noticed a seven-headed hydra
 11586 | Lair:2   | Killed a six-headed hydra
 11594 | Lair:2   | Killed a seven-headed hydra
 11602 | Lair:2   | owned
 12255 | Lair:3   | Reached XP level 12. HP: 86/97 MP: 22/22
 12451 | Lair:3   | Noticed Nergalle
 12472 | Lair:3   | Slain by a manticore

Illustrated notes ............+....).. ######...####....... #..## ##...... ##.## ##..... ##.#)## ##...# ##.#.#.## ##'## ##.#.#.#.## #.# #.#.###.#.# #.# ##@#.#.#.## ##.## ##.#.#.## ##.... ##.#.## ###..... ##.## #......# #.# #.#..... #...........#.## ...########.##... ..... ## #.## ....... #######.# Turn 2684 on D:1: perfect #.#....<.#.. #.#......#.# #.#........# ##+## #.#.......#. ##...####.#......... ##.....##...#........ ##.....?.#...#....(... #.......).†...#....... ∆ +..[.@r........#...... #...............##.... ##.......#........#### ##.....##.......#.... ##...###.###.#.##### ##+## #.......# #####.### #. #. Turn 2798 on D:1: woot ######## ********#######..P...############ ,...,,.!......)P@P.............>. *#.#*.......###PPP....########### ##[##..,..,,* #.......# #. ......,,,,,,* #......## #. .....,,,,,,,* ######## #. ...?,******** #. ##.###### ## #.......# ## #.......# ##. Turn 6304 on D:5: lol ################## #...#....#...#..∩# '...'....'...'...# #...#....#...#...# ##############'### # #...# # #..@# # #.PP# # #.P.# # ###Z# # #..Z# # #...# # #...# # #.Z.# # #+### Turn 6964 on Ossuary: lol #...# #...# #...# #...# #...# #...# #...# #...# #'### #'### #...# #...# #...##############...# #...#...#?!!!#...#...# #...'.∩.#!(@.'.∩.'...# #∩..#...#!?!?#...#...# ###################### Turn 7040 on Ossuary: sick .?.# #..)...)....# .### #)####......# . #)# ####'#.# #.# #.#.# #.# #.#.# #<# #.#.# ### #.# #.# #@# #.# #.# #.# #.# #.# #.. ### Turn 9645 on D:8: sick #..# ##.. #..## #... #...# ... #..## #.. #..# #.. ### #..### # #####..##.###....##P.# ...................... .......@.............. .............<........ ...................... ###########P####..#### ### ### Turn 10625 on Lair:1: sick

#......#............#..........
#....................[.........
##.........####...........#....
#........######........[.##^..
#.##.................P.#.. #^^.
# #.##..............#####. #^^^
####..............# ..#^>
#......†......#..# ....^^
##.....†...@...# ## ##^^...
##......P.##....# #^^...
#.........#P......#
####.........#....#
##.......!#....#
##.............#
#P............##
##...........## #............#


Turn 11602 on Lair:2: owned

Levels and vault maps discovered:
D:1:      dpeg_arrival_solitude, layout_loops_corners,
          shapermc_ecumenical_altar_petra, nrook_mini_backslash
D:2:      layout_basic, hangedman_abyss_or_decor_stabs
D:3:      layout_rooms, serial_shops, nicolae_shop_crystal, shop, shop,
          uniq_jessica
D:4:      layout_loops_corners, mainiacjoe_overflow_cross_hatched
D:5:      layout_basic, temple_doors_e, chequers_serial_rivers_micro_d
D:6:      old_forge, layout_loops_ring, enter_ossuary_4, minmay_holes,
          uniq_crazy_yiuf_cottage, uniq_eustachio
D:7:      layout_cave_pods, minmay_misc_feat_more_columns
D:8:      layout_basic, minmay_lair_entry_grove, serial_park_tiny_1
Temple:   roderic_octagonal_lattice_temple
Lair:1:   layout_chaotic_city, st_stairs_9
Lair:2:   layout_cave_shapes, spider_nest_entry_webs,
          infiniplex_staircase_pool_2, grunt_megastairs_3, serial_bayou_shore_b
Lair:3:   layout_gridlike, minmay_shoals_entry_beasts, uniq_nergalle

Skill      XL: |  1  2  3  4  5  6  7  8  9 10 11 12 |
---------------+-------------------------------------+-----
Stealth        | 10 11 | 11.9
Short Blades   | 1 4 5 6 7 |  7.2
Long Blades    | 1 4 5 6 7 |  7.2
Axes           | 1 4 5 6 7 |  7.2
Polearms       | 1 4 5 6 7 |  7.2
Staves         | 1 4 5 6 7 |  7.2
Slings         | 1 4 5 6 7 |  7.2
Bows           | 1 4 5 6 7 |  7.2
Crossbows      | 1 4 5 6 7 |  7.2
Throwing       | 1 4 5 6 7 |  7.2
Armour         | 1 4 5 6 7 |  7.2
Shields        | 1 4 5 6 7 |  7.2
Unarmed Combat | 1 4 5 6 7 |  7.2
Spellcasting   | 1 4 5 6 7 |  7.2
Invocations    | 1 2 5 6 7 |  7.9
Evocations     | 1 4 5 6 7 |  7.2
Conjurations   | 1 4 5 6 |  6.0
Hexes          | 1 4 5 6 |  6.0
Summonings     | 1 4 5 6 |  6.0
Necromancy     | 1 4 5 6 |  6.0
Translocations | 1 4 5 6 |  6.0
Transmutations | 1 4 5 6 |  6.0
Fire Magic     | 1 4 5 6 |  6.0
Ice Magic      | 1 4 5 6 |  6.0
Air Magic      | 1 4 5 6 |  6.0
Earth Magic    | 1 4 5 6 |  6.0
Poison Magic   | 1 4 5 6 |  6.0
Maces & Flails | 6 7 8 |  8.6
Dodging        | 6 7 8 |  8.6
Fighting       | 8 9 |  9.8

Action                   |  1- 3 |  4- 6 |  7- 9 | 10-12 || total
-------------------------+-------+-------+-------+-------++-------
Melee: Mace              |    20 |   202 |   336 |       ||   558
       Bite              |     1 |    13 |    45 |    31 ||    90
       Eveningstar       |       |       |    10 |   255 ||   265
Throw: Dart              |       |    15 |    45 |    58 ||   118
       Boomerang         |       |       |    78 |       ||    78
       Throwing net      |       |       |       |     1 ||     1
 Cast: Summon Small Mamm |       |    14 |    23 |     8 ||    45
       Animate Skeleton  |       |    15 |     8 |    24 ||    47
       Blink             |       |     1 |       |     1 ||     2
Invok: Wall of Briars    |       |       |     4 |     4 ||     8
       Grow Ballistomyce |       |       |     1 |     2 ||     3
       Grow Oklob        |       |       |       |     2 ||     2
Evoke: Wand              |     1 |       |     4 |    11 ||    16
  Use: Scroll            |     3 |     4 |    13 |     6 ||    26
       Potion            |     1 |     5 |     2 |     3 ||    11
 Stab: Sleeping          |       |    12 |     9 |     2 ||    23
       Distracted        |       |       |       |     3 ||     3
       Confused          |       |       |       |     1 ||     1
       Held in net/web   |       |       |       |     1 ||     1
Armor: Leather armour    |    11 |   118 |   151 |   114 ||   394
Dodge: Dodged            |    20 |   183 |   273 |   199 ||   675
Block: Buckler           |       |    49 |   107 |    87 ||   243

Table legend: (Time is in decaauts)
 A = Elapsed time spent in this place.
 B = Non-inter-level travel time spent in this place.
 C = Inter-level travel time spent in this place.
 D = Time resting spent in this place.
 E = Time spent auto-exploring this place.
 F = Levels seen in this place.
 G = Mean time per level.
                   A        B        C        D        E       F      G
               +--------+--------+--------+--------+--------+-----+--------+
         Total |  12548 |  11821 |    727 |   1574 |   6039 |  13 |  965.2 |
       Dungeon |   9708 |   9048 |    660 |   1218 |   4660 |   8 | 1213.5 |
        Temple |    691 |    671 |     20 |    341 |    243 |   1 |  691.0 |
          Lair |   1896 |   1849 |     47 |     15 |   1114 |   3 |  632.0 |
       Ossuary |    251 |    251 |      0 |      0 |     22 |   1 |  251.0 |
               +--------+--------+--------+--------+--------+-----+--------+

Top non-repeatable levels by time:
     D:4: 1560 daAuts
     D:1: 1368 daAuts
     D:6: 1309 daAuts
     D:3: 1199 daAuts
     D:2: 1114 daAuts
     D:7: 1075 daAuts
     D:8: 1058 daAuts
     D:5: 1022 daAuts
  Lair:1: 781 daAuts
  Lair:2: 748 daAuts
  Temple: 691 daAuts
  Lair:3: 366 daAuts
 Ossuary: 251 daAuts
